 Dungeon Crawl Stone Soup version 0.32-a0-818-gb728d02 (webtiles) character file.

Game seed: 1528206013257743947

2275 EhtylAlco the Cleaver (level 9, -5/67 (71) HPs)
             Began as a Barachi Fighter on Mar 23, 2024.
             Killed from afar by a laughing skull (24 damage)
             ... with a bolt of negative energy
             ... on level 1 of the Abyss.
             The game lasted 00:13:44 (5715 turns).

EhtylAlco the Cleaver (Barachi Fighter)             Turns: 5715, Time: 00:13:45

HP:   -5/67 (71)    AC: 14    Str: 28    XL:     9   Next: 39%
MP:   9/9           EV: 14    Int:  8    God:
Gold: 443           SH:  5    Dex: 12    Spells: 8/8 levels left

rFire   . . .        a - +0 war axe
rCold   + . .        c - +0 buckler
rNeg    . . .        v - +3 chain mail {rC+}
rPois   .            (no helmet)
rElec   .            (no cloak)
rCorr   .            (no gloves)
SInv    .            (no boots)
Will    .....        (no amulet) Stlth
                     l - +6 ring of strength
HPRegen 0.31/turn    q - +5 ring of evasion
MPRegen 0.11/turn

%: no passive effects
@: drained, slow
A: amphibious, slowness 1, strong legs 1, +LOS
a: Hop


You were on level 1 of the Abyss.
You visited 1 branch of the dungeon, and saw 7 of its levels.
You visited the Abyss 1 time.

You collected 443 gold pieces.

Inventory:

Hand Weapons
 a - a +0 war axe (weapon)
Armour
 b - a +0 scale mail
 c - a +0 buckler (worn)
 v - a +3 chain mail of cold resistance (worn)
Jewellery
 k - a ring of protection from fire
 l - a +6 ring of strength (left hand)
 q - a +5 ring of evasion (right hand)
 x - a ring of willpower
 y - a ring of magical power
Wands
 s - a wand of charming (22) (quivered)
Scrolls
 f - 5 scrolls of teleportation
 g - a scroll of silence {unknown}
 i - 2 scrolls of poison
 n - 2 scrolls of vulnerability {unknown}
 o - a scroll of acquirement {unknown}
 u - a scroll of enchant armour {unknown}
Potions
 d - a potion of might
 e - a potion of mutation {unknown}
 h - a potion of heal wounds
 j - 2 potions of resistance
 m - 4 potions of curing {unknown}
 p - a potion of degeneration {unknown}
 r - a potion of lignification {unknown}
 t - 2 potions of attraction {unknown}
 w - a potion of invisibility {unknown}


   Skills:
 + Level 6.4 Fighting
 + Level 8.9 Axes
 + Level 8.4 Armour
 + Level 3.0 Dodging
 + Level 0.4 Stealth
 + Level 5.6 Shields


You had 8 spell levels left.
You didn't know any spells.
Your spell library contained the following spells:

 Spells                   Type           Power      Damage    Failure   Level
 Apportation              Tloc           0%         N/A       88%         1
 Foxfire                  Conj/Fire      0%         2x1d4     88%         1
 Freeze                   Ice            0%         1d3       88%         1
 Necrotise                Necr           0%         1d4       88%         1
 Sting                    Conj/Alch      0%         1d3       88%         1
 Summon Small Mammal      Summ           0%         N/A       88%         1
 Mercury Vapours          Alch/Air       0%         N/A       96%         2
 Frozen Ramparts          Ice            0%         1d1       99%         3
 Hailstorm                Conj/Ice       0%         3d5       99%         3
 Volatile Blastmotes      Fire/Tloc      0%         2d10      99%         3
 Fulminant Prism          Conj/Alch      0%         3d5       100%        4
 Iskenderun's Mystic Bla  Conj/Tloc      0%         2d3       100%        4
 Olgreb's Toxic Radiance  Alch           0%         N/A       100%        4
 Plasma Beam              Fire/Air       0%         2x1d10    100%        6
 Starburst                Conj/Fire      0%         6d3       100%        6


Dungeon Overview and Level Annotations

Branches:
Dungeon (7/15)             Temple (0/1) D:5

Altars:
Dithmenos
Makhleb
Okawaru
Vehumet


Innate Abilities, Weirdness & Mutations

You are amphibious.
You cover ground slowly.
You can hop short distances.
You have an extended range of vision and can be seen from far away.


Message History

You hit the small abomination but do no damage.
The small abomination closely misses you.
You block the small abomination's attack.
The small abomination completely misses you.
You slash the small abomination!
The small abomination is severely damaged.
You slash the small abomination!
You block the small abomination's attack.
The small abomination barely misses you.
The small abomination hits you!
You barely miss the small abomination.
The small abomination is severely damaged.
You hit the small abomination. The small abomination hits you!
* * * LOW HITPOINT WARNING * * *
The small abomination hits you.
* * * LOW HITPOINT WARNING * * *
You barely miss the small abomination.
The small abomination is severely damaged.
You hit the small abomination.
You destroy the small abomination!
The small abomination closely misses you.
Your Dodging skill increases to level 3!
You closely miss the small abomination.
The small abomination is severely damaged.
The small abomination hits you.
* * * LOW HITPOINT WARNING * * *
You slash the small abomination!
You destroy the small abomination!
You start resting.
A laughing skull comes into view.
A laughing skull is nearby!
A laughing skull is nearby!
The laughing skull gives a hideous shriek!
A laughing skull comes into view.
The laughing skull gives a hideous shriek!
A laughing skull comes into view.
The laughing skull cackles spitefully.
The bolt of negative energy hits you!!
You feel drained.
You die...
The laughing skull crumbles to pieces from sheer joy.

#~.#x .z..##
# . . .. ..
z#.#. .. . #
#§ ~~~ #
..... .### ~~
#.z∩... .. .
. .. # #..#
##
..≈######..##
.#
.#.~.~......#
.~♣..~...# .
#≈ ##@~## #
#.~≈#.≈# #' #
# . ..~...
... . ..
.....#..###
..##.~∩.# ∩#
### ##..## #
##.# #.. ##


You could see 3 laughing skulls.

Vanquished Creatures
  Sigmund (D:3)
  2 fire bats (D:6)
  Menkaure (D:4)
  2 small abominations (Abyss:1)
  A water moccasin (D:6)
  2 black bears
  An ice beast (D:5)
  2 ogres (D:5)
  A kobold brigand (D:7)
  2 scorpions
  A howler monkey (D:5)
  2 bombardier beetles (D:5)
  3 hounds
  An orc priest (D:4)
  A gnoll bouda (D:6)
  A jelly (D:6)
  Ijyb (D:4)
  6 orc wizards (D:6)
  2 iguanas (D:5)
  8 gnolls
  8 adders
  3 shadow imps
  3 white imps
  2 ribbon worms (D:2)
  12 orcs
  9 ball pythons
  3 bats
  8 endoplasms
  3 giant cockroaches
  3 goblins
  4 hobgoblins (D:1)
  3 jackals (D:2)
  9 kobolds
  3 quokkas
  2 frilled lizards (D:2)
  4 rats
120 creatures vanquished.

Notes
Turn   | Place    | Note
-------+----------+-------------------------------------------
     0 | D:1      | EhtylAlco the Barachi Fighter began the quest for the Orb.
     0 | D:1      | Reached XP level 1. HP: 18/18 MP: 1/1
   186 | D:1      | Reached XP level 2. HP: 19/25 MP: 2/2
  1168 | D:2      | Reached XP level 3. HP: 20/30 MP: 3/3
  1744 | D:2      | Reached XP level 4. HP: 31/37 MP: 4/4
  1800 | D:2      | Reached skill level 1 in Dodging
  1935 | D:3      | Noticed a black bear
  1941 | D:2      | Killed a black bear
  1942 | D:2      | Reached XP level 5. HP: 33/42 MP: 5/5
  2095 | D:3      | Found a radiant altar of Vehumet.
  2241 | D:3      | Noticed Sigmund
  2248 | D:3      | Killed Sigmund
  2249 | D:3      | Reached skill level 5 in Armour
  2249 | D:3      | Reached XP level 6. HP: 45/49 MP: 6/6
  2334 | D:3      | Found a burning altar of Makhleb.
  2761 | D:4      | Noticed Ijyb
  2775 | D:4      | Killed Ijyb
  2827 | D:4      | Noticed Menkaure
  2836 | D:4      | Killed Menkaure
  2837 | D:4      | Reached skill level 5 in Axes
  2837 | D:4      | Reached XP level 7. HP: 16/55 MP: 7/7
  2984 | D:4      | Reached skill level 5 in Fighting
  3336 | D:5      | Entered Level 5 of the Dungeon
  3588 | D:5      | Reached XP level 8. HP: 46/63 MP: 8/8
  3815 | D:5      | Found a shadowy altar of Dithmenos.
  3896 | D:5      | Found a staircase to the Ecumenical Temple.
  3900 | D:5      | Found an iron altar of Okawaru.
  4394 | D:6      | Reached skill level 5 in Shields
  4772 | D:6      | Found a transporter.
  5112 | D:6      | Reached XP level 9. HP: 54/69 MP: 9/9
  5193 | D:6      | Found a transporter.
  5596 | Abyss:1  | Cast into level 1 of the Abyss (gnoll)
  5715 | Abyss:1  | Killed from afar by a laughing skull

Illustrated notes

Levels and vault maps discovered:
D:1:      scummos_arrival_simple_fountains, layout_basic,
          kennysheep_small_spiral, serial_park_tiny_2
D:2:      layout_loops_ring
D:3:      layout_basic, mainiacjoe_overflow_tiny_flanked, vehumet_crystals,
          uniq_sigmund
D:4:      layout_basic, uniq_ijyb, uniq_menkaure
D:5:      layout_basic, overflow_temple_1_default, grunt_dithmenos_smoke,
          minmay_temple_entry_from_below_b, st_stairs_9, nrook_mini_vaults
D:6:      gammafunk_cloud_chamber, layout_basic, grunt_ministairs_3
D:7:      layout_gridville, enter_bailey_2
Abyss:1:  base:
D:5

Skill      XL: |  1  2  3  4  5  6  7  8  9 |
---------------+----------------------------+-----
Fighting       | 4 5 6 |  6.4
Armour         | 4 5 6 7 8 |  8.4
Shields        | 4 5 |  5.6
Axes           | 3 4 5 6 8 |  8.9
Dodging        | 1 2 3 |  3.0
Stealth        | |  0.4

Action                     |  1- 3 |  4- 6 |  7- 9 || total
---------------------------+-------+-------+-------++-------
  Melee: War axe           |   123 |    71 |   230 ||   424
Ability: Hop               |       |       |     1 ||     1
    Use: Potion            |       |     2 |     5 ||     7
         Scroll            |       |     4 |       ||     4
 Armour: Scale mail        |   113 |    54 |    36 ||   203
         Chain mail        |       |       |   183 ||   183
  Dodge: Dodged            |    60 |    61 |   183 ||   304
  Block: Buckler           |    35 |    18 |    66 ||   119

Table legend: (Time is in decaauts)
 A = Elapsed time spent in this place.
 B = Non-inter-level travel time spent in this place.
 C = Inter-level travel time spent in this place.
 D = Time resting spent in this place.
 E = Time spent auto-exploring this place.
 F = Levels seen in this place.
 G = Mean time per level.
                   A        B        C        D        E       F      G
               +--------+--------+--------+--------+--------+-----+--------+
         Total |   6577 |   6309 |    268 |    412 |   4693 |   8 |  822.1 |
       Dungeon |   6452 |   6184 |    268 |    343 |   4693 |   7 |  921.7 |
         Abyss |    124 |    124 |      0 |     69 |      0 |   1 |  124.0 |
               +--------+--------+--------+--------+--------+-----+--------+

Top non-repeatable levels by time:
     D:6: 1325 daAuts
     D:1: 1288 daAuts
     D:5: 1039 daAuts
     D:2: 1032 daAuts
     D:4: 965 daAuts
     D:3: 744 daAuts
 Abyss:1: 124 daAuts
     D:7: 56 daAuts
